 Dungeon Crawl Stone Soup version 0.23-b1-67-g8bd44de (webtiles) character file.

Game seed: 6502665714919088474

63 redwoodhats the Grave Robber (level 3, -2/24 HPs)
             Began as a Demonspawn Necromancer on Feb 5, 2019.
             Killed by nerve-wracking pain
             ... invoked by Jessica
              (13 damage)
             ... on level 2 of the Dungeon.
             The game lasted 00:13:36 (2100 turns).

redwoodhats the Grave Robber (DsNe)                 Turns: 2100, Time: 00:13:37

Health: -2/24      AC:  3    Str:  9    XL:     3   Next: 87%
Magic:  6/6        EV: 12    Int: 16    God:
Gold:   80         SH:  0    Dex: 13    Spells: 5/7 levels left

rFire    . . .     SeeInvis .   (no weapon)
rCold    . . .     Gourm    .   (no shield)
rNeg     . . .     Faith    .   a - +0 robe
rPois    .         Spirit   .   (no helmet)
rElec    .         Reflect  .   (no cloak)
rCorr    .         Harm     .   (no gloves)
MR       .....                  (no boots)
Stlth    ++........             (no amulet)
HPRegen  0.08/turn              (no ring)
MPRegen  0.10/turn              (no ring)

@: no status effects
A: rugged brown scales 1
a: no special abilities


You were on level 2 of the Dungeon.
You were not hungry.

You visited 1 branch of the dungeon, and saw 2 of its levels.

You collected 80 gold pieces.

Inventory:

Armour
 a - a +0 robe (worn)
Scrolls
 b - a scroll of identify {unknown}
 e - a scroll of remove curse
 f - a scroll of amnesia {unknown}
 g - a scroll of random uselessness {unknown}
Potions
 d - a potion of curing {unknown}
Comestibles
 c - 3 rations


   Skills:
 + Level 0.1 Fighting
 + Level 2.2 Dodging
 + Level 1.8 Stealth
 + Level 0.1 Unarmed Combat
 + Level 2.5 Spellcasting
 + Level 5.3 Necromancy


You had 5 spell levels left.
You knew the following spells:

 Your Spells              Type           Power        Failure   Level  Hunger
a - Pain                  Necr           ###.         2%          1    #......
b - Animate Skeleton      Necr           N/A          2%          1    #......

Your spell library contained the following spells:

 Spells                   Type           Power        Failure   Level  Hunger
 Vampiric Draining        Necr           ###.......   6%          3    ###....
 Regeneration             Chrm/Necr      ##........   21%         3    ###....
 Animate Dead             Necr           N/A          22%         4    #####..


Dungeon Overview and Level Annotations

Branches:
Dungeon (2/15)

Altars:
Nemelex Xobeh

Annotations:
D:2 Jessica


Innate Abilities, Weirdness & Mutations

You are partially covered in rugged brown scales. (AC +1, +3% HP)


Message History

Aiming: Pain (safe; 2% risk of failure)
Press: ? - help, Shift-Dir - straight line, f - Jessica
Aim: Jessica, wearing a +0 robe (lightly wounded, chance to defeat MR: 84%) Jessica barely resists.
Jessica closely misses you.
Casting: Pain (safe; 2% risk of failure)
Confirm with . or Enter, or press ? or * to list all spells.
Aiming: Pain (safe; 2% risk of failure)
Press: ? - help, Shift-Dir - straight line, f/p - Jessica
Aim: Jessica, wearing a +0 robe (lightly wounded, chance to defeat MR: 84%) Jessica barely resists.
Jessica hits you but does no damage. Jessica casts a spell at you.
Pain shoots through your body!
Jessica mumbles some strange words.
Jessica blinks!
Jessica gestures wildly while chanting.
Jessica blinks!
Jessica casts a spell at you. Pain shoots through your body!
Ouch! That really hurt!
You die...

###.# #.#.# ###############
....#####.#.# #.........(....
[.........#.# #.#############
########..#.# #.# # # #..#.# #.#
#### # #..#.# #.# #... # #..#.#
#.# ##.##
########....#######.#########.[..
................@..@...ยง.......#.
###.####.#.#########.########.#.#
##Z# #.#.# #.########..##
##.#.###.#.# #.##........#
..###....#.# #.##.#####.###
##.#.#####.# #.##.# ####. ###.#
#.# #.##.### #. # #.# #.#
#......######. # #.# #.#
####.#........


You could see Jessica.

Vanquished Creatures
  2 adders (D:2)
  A dart slug (D:1)
  A leopard gecko (D:1)
  4 giant cockroaches
  A goblin (D:2)
  4 hobgoblins
  3 jackals (D:2)
  3 kobolds (D:1)
  2 quokkas (D:2)
  3 ball pythons
  4 bats
  A frilled lizard (D:1)
  4 rats
33 creatures vanquished.

Vanquished Creatures (collateral kills)
  A dart slug (D:1)
  2 goblins (D:1)
  A hobgoblin (D:1)
4 creatures vanquished.

Grand Total: 37 creatures vanquished

Notes
Turn   | Place    | Note
-------+----------+-------------------------------------------
     0 | D:1      | redwoodhats the Demonspawn Necromancer began the quest for
                  | the Orb.
     0 | D:1      | Reached XP level 1. HP: 13/13 MP: 3/3
   330 | D:1      | Gained mutation: You are partially covered in rugged brown
                  | scales. (AC +1, +3% HP) [demonic ancestry]
   330 | D:1      | Reached XP level 2. HP: 10/19 MP: 0/5
   512 | D:1      | Learned a level 1 spell: Animate Skeleton
   820 | D:1      | Reached skill level 5 in Necromancy
  1246 | D:1      | Reached XP level 3. HP: 19/24 MP: 0/6
  1418 | D:2      | Found a sparkling altar of Nemelex Xobeh.
  1802 | D:2      | Noticed Jessica
  2100 | D:2      | Killed from afar by Jessica

Skill      XL: |  1  2  3 |
---------------+----------+-----
Necromancy     | 5 |  5.3
Dodging        | 2 |  2.2
Fighting       | |  0.1
Stealth        | |  1.8
Unarmed Combat | |  0.1
Spellcasting   | |  2.5

Action                   || total
-------------------------++-------
Melee: Unarmed           ||    19
 Cast: Pain              ||    63
       Animate Skeleton  ||     6
  Use: Scroll            ||     3
       Potion            ||     1
  Eat: Ration            ||     2
Armor: Robe              ||    14
Dodge: Dodged            ||    25
